 Dungeon Crawl Stone Soup version 0.23.2 (webtiles) character file.

Game seed: 746050258669061046

10166 Borgoz the Slicer (level 11, -22/100 HPs)
             Began as a Kobold Gladiator on Apr 14, 2019.
             Was a Follower of Ashenzari.
             Annihilated by an earth elemental (24 damage)
             ... on level 9 of the Dungeon.
             The game lasted 00:26:28 (12048 turns).

Borgoz the Slicer (Kobold Gladiator)               Turns: 12048, Time: 00:26:30

Health: -22/100    AC: 12    Str: 25    XL:     11   Next: 87%
Magic:  18/18      EV: 20    Int:  9    God:    Ashenzari [*.....]
Gold:   444        SH:  0    Dex: 21    Spells: 16/20 levels left

rFire    + . .     SeeInvis .   b - +2 dagger (venom)
rCold    . . .     Gourm    .   (shield restricted)
rNeg     . . .     Faith    .   o - +1 scale mail {rF+}
rPois    .         Spirit   .   c - +0 helmet
rElec    .         Reflect  .   A - scarf {cloud immunity}
rCorr    .         Harm     .   i - +0 pair of gloves
MR       .....                  s - +0 pair of boots
Stlth    ..........             C - amulet of rage
HPRegen  0.26/turn              H - +4 ring of dexterity
MPRegen  0.16/turn              x - +5 ring of strength

@: berserking (expiring), very quick
A: small, carnivore
a: Curse Item, Scrying, Renounce Religion, Evoke Berserk Rage


You were on level 9 of the Dungeon.
You worshipped Ashenzari.
Ashenzari was aware of your devotion.
You were very full.

You visited 2 branches of the dungeon, and saw 11 of its levels.

You collected 444 gold pieces.

Inventory:

Hand Weapons
 a - a +1 rapier
 b - a +2 dagger of venom (weapon)
 F - the cursed +1 hand axe of Indignation {freeze, rC+ MR++}
   (You found it on level 8 of the Dungeon)

   It has been specially enchanted to freeze those struck by it, causing extra
   injury to most foes and up to half again as much damage against particularly
   susceptible opponents.
   It can also slow down cold-blooded creatures.
   It protects you from cold.
   It affects your resistance to hostile enchantments.
   It has a curse placed upon it.
Missiles
 d - 3 throwing nets (quivered)
Armour
 c - a +0 helmet (worn)
 i - a +0 pair of gloves (worn)
 o - a +1 scale mail of fire resistance (worn)
 s - a +0 pair of boots (worn)
 A - a scarf of cloud immunity (worn)
Jewellery
 g - an uncursed ring of wizardry
 j - the amulet of the Turtle {Spirit rPois Int+3}
   (You found it on level 5 of the Dungeon)

   [amulet of guardian spirit]

   It causes incoming damage to be split between your health and magic.
   It affects your intelligence (+3).
   It protects you from poison.
 l - an uncursed ring of resist corrosion
 x - a +5 ring of strength (right hand)
 C - an amulet of rage (around neck)
 H - a +4 ring of dexterity (left hand)
 I - an uncursed amulet of magic regeneration
Wands
 e - a wand of polymorph (3)
 v - a wand of acid (2)
 B - a wand of iceblast (19)
Scrolls
 m - 6 scrolls of teleportation
 q - a scroll of remove curse
 w - 3 scrolls of magic mapping
 y - 3 scrolls of enchant weapon
Potions
 h - 5 potions of curing
 k - a potion of agility
 n - 2 potions of berserk rage
 p - a potion of invisibility {unknown}
 r - a potion of haste {unknown}
 t - 4 potions of cancellation
 u - 2 potions of resistance
 z - 4 potions of brilliance {unknown}
 D - a potion of magic {unknown}
 E - a potion of lignification
 J - a potion of might {unknown}
Comestibles
 f - 19 rations
 G - 6 chunks of flesh


   Skills:
 + Level 7.1 Fighting
 + Level 9.0 Short Blades
 - Level 2.1 Throwing
 * Level 7.3 Armour
 + Level 8.4 Dodging
 + Level 8.8 Stealth
 - Level 5.0 Spellcasting
 + Level 5.5 Hexes
 + Level 6.5 Evocations


You had 16 spell levels left.
You knew the following spells:

 Your Spells              Type           Power        Failure   Level  Hunger
a - Confusing Touch       Hex            ##....       5%          1    #......
b - Confuse               Hex            ##......     16%         3    ###....

Your spell library contained the following spells:

 Spells                   Type           Power        Failure   Level  Hunger
 Corona                   Hex            ##.....      5%          1    #......
 Tukima's Dance           Hex            ##......     16%         3    ###....
 Ensorcelled Hibernation  Hex/Ice        #.....       26%         2    ##.....
 Dazzling Spray           Conj/Hex       #.....       45%         3    ###....
 Gell's Gravitas          Tloc           #.........   83%         3    ###....
 Petrify                  Tmut/Erth      #.......     99%         4    #####..
 Metabolic Englaciation   Hex/Ice        #.........   99%         5    ######.
 Yara's Violent Unravell  Hex/Tmut       #.........   99%         5    ######.


Dungeon Overview and Level Annotations

Branches:
Dungeon (10/15)            Temple (1/1) D:7
   Lair: D:8-11         Orc: D:9-12

Altars:
Ashenzari
Cheibriados
Dithmenos
Elyvilon
Fedhas
Gozag
Hepliaklqana
Kikubaaqudgha
Makhleb
Nemelex Xobeh
Okawaru
Qazlal
Ru
Sif Muna
Trog
Uskayaw
Vehumet
Wu Jian
Xom
Yredelemnul
Zin
The Shining One

Annotations:
D:9 2 transporters, Paps's ghost, novice OpFi


Innate Abilities, Weirdness & Mutations

You are small and have problems with some larger weapons.
You are carnivorous and can eat meat at any time.


Message History

You puncture the earth elemental!
The earth elemental is heavily damaged.
You hit the earth elemental but do no damage.
The earth elemental is heavily damaged.
The earth elemental closely misses you. The earth elemental hits you!!
You hit the earth elemental but do no damage.
The earth elemental is heavily damaged.
The earth elemental hits you.
You hit the earth elemental but do no damage.
The earth elemental is heavily damaged.
You hit the earth elemental but do no damage.
The earth elemental is heavily damaged.
You barely miss the earth elemental.
The earth elemental is heavily damaged.
The earth elemental hits you!!
* * * LOW HITPOINT WARNING * * *
The earth elemental hits you.
* * * LOW HITPOINT WARNING * * *
The earth elemental hits you!!
You die...

#.#....#
######.....#.........#
#....#.##
#............#######.#
#.......###.####.#######
#.# #.....©.....## #.#
#.## ..#########..# #.#
#... .##8.$??.8##.###.#
#### .#.........#.....#
.#.........#.###E#
.#...=....C#.###@#
.#....©...n#...EE###
.#........Z#.###...#
.#.)......F#.......#
.#).......©#÷###...# ###
.##8.....8##..÷...##
##.##
..#########..####.#
##...## #.....©.....##
#.# ##.....######
#####...##.##
#.###....).......


You could see 3 earth elementals, a necrophage, a bullfrog and a centaur zombie.

Vanquished Creatures
  An orc warlord (D:8)
  Pikel (D:8)
  Prince Ribbit (D:6)
  3 hippogriffs
  Sigmund (D:2)
  4 yaks
  A hungry ghost (D:9)
  17 wargs (D:8)
  2 water moccasins
  An ice beast (D:6)
  12 orc warriors
  A slave (D:8)
  2 phantoms
  3 sky beasts
  5 ogres
  3 black bears (D:9)
  An eye of draining (D:8)
  5 centaurs
  A big kobold (D:6)
  2 bullfrogs (D:7)
  A gnoll sergeant (D:8)
  3 scorpions
  A water moccasin skeleton (D:8)
  2 bullfrog zombies
  A quasit (D:9)
  2 centaur skeletons
  5 crimson imps
  5 orc priests
  5 hounds
  2 jellies
  Crazy Yiuf (D:7)
  Jessica (D:3)
  6 orc wizards
  12 worker ants
  A killer bee zombie (D:9)
  A howler monkey zombie (D:7)
  14 gnolls
  7 adders
  2 howler monkey skeletons
  2 oozes
  2 adder skeletons
  3 worms
  2 dart slugs (D:2)
  2 leopard geckos
  64 orcs
  5 bats
  8 giant cockroaches
  8 goblins
  5 hobgoblins
  10 jackals
  4 quokkas
  A ball python (D:4)
  4 frilled lizards
  11 kobolds
  8 rats
278 creatures vanquished.

Vanquished Creatures (others)
  2 slaves (D:8)
  An orc wizard (D:7)
3 creatures vanquished.

Grand Total: 281 creatures vanquished

Notes
Turn   | Place    | Note
-------+----------+-------------------------------------------
     0 | D:1      | Borgoz the Kobold Gladiator began the quest for the Orb.
     0 | D:1      | Reached XP level 1. HP: 12/12 MP: 1/1
    20 | D:1      | Reached XP level 2. HP: 9/17 MP: 2/2
   333 | D:1      | Reached skill level 1 in Stealth
   945 | D:1      | Reached skill level 1 in Armour
   945 | D:1      | Reached XP level 3. HP: 19/22 MP: 3/3
  1338 | D:2      | Noticed Sigmund
  1463 | D:2      | Reached XP level 4. HP: 27/27 MP: 4/4
  1657 | D:2      | Killed Sigmund
  1657 | D:2      | Reached XP level 5. HP: 11/32 MP: 5/5
  1657 | D:2      | Reached XP level 6. HP: 13/37 MP: 6/6
  1673 | D:2      | Reached skill level 5 in Short Blades
  2191 | D:3      | Noticed Jessica
  2203 | D:3      | Killed Jessica
  2787 | D:4      | Found a shadowy altar of Dithmenos.
  2835 | D:4      | Learned a level 1 spell: Confusing Touch
  2839 | D:4      | Learned a level 3 spell: Confuse
  2853 | D:4      | Reached XP level 7. HP: 41/41 MP: 7/7
  2984 | D:4      | Reached skill level 5 in Dodging
  3030 | D:4      | Reached skill level 1 in Hexes
  3237 | D:5      | Entered Level 5 of the Dungeon
  3325 | D:5      | Reached skill level 1 in Spellcasting
  3445 | D:5      | Got a steaming jade amulet
  3447 | D:5      | Identified the amulet of the Turtle {Spirit rPois Int+3}
                  | (You found it on level 5 of the Dungeon)
  3625 | D:5      | Reached skill level 1 in Evocations
  3625 | D:5      | Reached XP level 8. HP: 47/48 MP: 7/10
  4167 | D:6      | Reached skill level 6 in Short Blades
  4438 | D:6      | Noticed Prince Ribbit
  4454 | D:6      | Killed Prince Ribbit
  4454 | D:6      | Reached skill level 5 in Stealth
  4631 | D:6      | Reached XP level 9. HP: 49/52 MP: 12/12
  5367 | D:6      | Reached skill level 5 in Fighting
  5570 | D:6      | Reached skill level 5 in Armour
  6027 | D:7      | Found a staircase to the Ecumenical Temple.
  6039 | Temple   | Entered the Ecumenical Temple
  6083 | Temple   | Became a worshipper of Ashenzari the Shackled
  6256 | D:7      | Found a runed translucent door.
  6257 | D:7      | Noticed Crazy Yiuf
  6266 | D:7      | Killed Crazy Yiuf
  6377 | D:7      | Reached skill level 7 in Short Blades
  6450 | D:7      | Noticed a hippogriff
  6461 | D:7      | Killed a hippogriff
  6461 | D:7      | Reached XP level 10. HP: 38/59 MP: 15/15
  7307 | D:8      | Noticed Pikel
  7375 | D:8      | Killed Pikel
  8012 | D:8      | Got the cursed hand axe of Indignation {freeze, rC+ MR++}
  8046 | D:8      | Reached skill level 5 in Evocations
  8235 | D:8      | Noticed an orc warlord
  8760 | D:8      | Reached skill level 8 in Short Blades
  8964 | D:9      | Noticed a fire giant
  8966 | D:9      | Noticed Paps's ghost (novice OpFi)
  8997 | D:9      | Reached XP level 11. HP: 64/64 MP: 17/17
  9039 | D:9      | Found a transporter.
  9053 | D:9      | Found a transporter.
  9078 | D:10     | Entered Level 10 of the Dungeon
  9945 | D:8      | Reached skill level 5 in Spellcasting
 10262 | D:8      | Reached skill level 5 in Hexes
 10329 | D:8      | Killed an orc warlord
 11085 | D:9      | Reached * piety under Ashenzari
 11925 | D:9      | Reached skill level 9 in Short Blades
 12048 | D:9      | HP: 2/100 [earth elemental (4)]
 12048 | D:9      | Annihilated by an earth elemental

Skill      XL: |  1  2  3  4  5  6  7  8  9 10 11 |
---------------+----------------------------------+-----
Stealth        | 1 3 4 5 6 7 8 |  8.8
Armour         | 1 2 3 4 5 6 7 |  7.3
Dodging        | 4 5 6 7 8 |  8.4
Fighting       | 3 4 5 6 7 |  7.1
Short Blades   | 5 6 7 8 9 |  9.0
Hexes          | 1 2 3 4 5 |  5.5
Spellcasting   | 1 2 3 4 5 |  5.0
Evocations     | 1 2 4 5 6 |  6.5
Throwing       | |  2.1

Action                   |  1- 3 |  4- 6 |  7- 9 | 10-12 || total
-------------------------+-------+-------+-------+-------++-------
Melee: Rapier            |    49 |       |       |       ||    49
       Dagger            |    23 |   113 |   487 |   737 ||  1360
Throw: Throwing net      |     1 |     1 |     1 |     5 ||     8
 Cast: Confusing Touch   |       |       |       |    28 ||    28
 Abil: Evoke Berserk Rag |       |       |     5 |     5 ||    10
Evoke: Wand              |       |       |     4 |       ||     4
  Use: Scroll            |     1 |     9 |     3 |     6 ||    19
       Potion            |       |       |     3 |     3 ||     6
 Stab: Sleeping          |     1 |     9 |     2 |     7 ||    19
       Held in net/web   |       |     1 |       |     4 ||     5
       Distracted        |       |     2 |     1 |     3 ||     6
       Confused          |       |       |       |    27 ||    27
  Eat: Chunk             |    10 |     4 |    17 |    30 ||    61
Armor: Leather armour    |    14 |    14 |       |       ||    28
       Scale mail        |       |       |   128 |   129 ||   257
Dodge: Dodged            |    46 |    53 |   346 |   391 ||   836
